 Dungeon Crawl Stone Soup version 0.30-a0-629-gd54f4be4f7 (webtiles) character file.

Game seed: 4893453309729520903

84323 mandoloar the Convoker (level 15, -4/141 HPs)
             Began as a Tengu Summoner on Jan 12, 2023.
             Was a High Priest of Sif Muna.
             Slain by Agnes
             ... wielding a +1 vampiric lajatang
              (16 damage)
             ... on level 14 of the Dungeon on Jan 13, 2023.
             The game lasted 02:13:02 (38395 turns).

mandoloar the Convoker (Tengu Summoner)            Turns: 38395, Time: 02:13:03

Health: -4/141     AC: 27    Str:  9    XL:     15   Next: 80%
Magic:  20/31      EV:  2    Int: 22    God:    Sif Muna [*****.]
Gold:   1152       SH:  0    Dex: 15    Spells: 8/37 levels left

rFire   + . .      SeeInvis .    i - +4 mace (elec)
rCold   . . .      Faith    .    (no shield)
rNeg    . . .      Spirit   .    (body armour currently unavailable)
rPois   +          Reflect  .    (helmet currently unavailable)
rElec   .          Harm     .    (cloak currently unavailable)
rCorr   .          Rampage  .    (gloves currently unavailable)
Will    ++...      NoTele   +    (boots unavailable)
Stlth   ++++                     x - amulet of magic regeneration
HPRegen 0.43/turn                g - +5 ring of evasion
MPRegen 0.62/turn                A - ring "Icesk" {rF+ Will+ Stlth+}

@: tree-form
A: stationary, stasis, torment immunity, boosted hp, (beak), (talons 3), nimble
flight
a: Renounce Religion, Channel Magic, Forget Spell, Divine Exegesis


You were on level 14 of the Dungeon.
You worshipped Sif Muna.
Sif Muna was extremely pleased with you.
You were a tree.
You visited 2 branches of the dungeon, and saw 20 of its levels.

You collected 1152 gold pieces.

Inventory:

Hand Weapons
 i - a +4 mace of electrocution (weapon)
Missiles
 a - 4 throwing nets
 k - 169 stones (quivered)
Armour
 q - a +0 pair of gloves (melded)
 w - +2 steam dragon scales (melded)
 F - a +2 cloak (melded)
Jewellery
 g - a +5 ring of evasion (left branch)
 j - a ring of see invisible
 m - an amulet of reflection
 o - a ring of protection from fire
 x - an amulet of magic regeneration (around neck)
 A - the ring "Icesk" (right branch) {rF+ Will+ Stlth+}
   (You found it on level 10 of the Dungeon)

   [ring of willpower]

   rF:        It protects you from fire.
   Will:      It increases your willpower.
   Stlth:     It makes you more stealthy.
 I - a ring of positive energy
Wands
 e - a wand of digging (8)
 l - a wand of polymorph (2)
 p - a wand of roots (11)
 u - a wand of flame (44)
 y - a wand of charming (3)
 K - a wand of light (16)
Scrolls
 B - a scroll of fog
 C - 2 scrolls of amnesia
 D - 2 scrolls of magic mapping
 H - a scroll of blinking
 N - 2 scrolls of identify
 O - a scroll of butterflies
Potions
 b - 4 potions of magic
 c - 4 potions of haste
 d - 4 potions of flight
 f - 5 potions of mutation
 h - 11 potions of curing
 n - a potion of cancellation
 r - a potion of resistance
 s - 2 potions of attraction
 t - 4 potions of brilliance
 v - 4 potions of berserk rage
 z - 6 potions of might
 G - 2 potions of heal wounds
 M - 2 potions of invisibility


   Skills:
 + Level 11.0 Fighting
 + Level 12.2 Dodging
 - Level 6.0 Stealth
 + Level 11.5 Spellcasting
 + Level 9.2 Hexes
 + Level 15.3 Summonings
 - Level 6.0 Air Magic
 + Level 7.2 Invocations


You had 8 spell levels left.
You knew the following spells:

 Your Spells              Type           Power      Damage    Failure   Level
a - Summon Small Mammal   Summ           100%       N/A       0%          1
b - Call Imp              Summ           69%        N/A       0%          2
c - Call Canine Familiar  Summ           69%        N/A       1%          3
d - Summon Guardian Gole  Hex/Summ       61%        N/A       1%          3
e - Summon Lightning Spi  Summ/Air       56%        N/A       1%          4
f - Tukima's Dance        Hex            52%        N/A       1%          3
g - Summon Cactus Giant   Summ           34%        N/A       1%          6
h - Monstrous Menagerie   Summ           34%        N/A       8%          7

Your spell library contained the following spells:

 Spells                   Type           Power      Damage    Failure   Level
 Shock                    Conj/Air       100%       1d9       1%          1
 Slow                     Hex            100%       N/A       1%          1
 Confusing Touch          Hex            52%        N/A       1%          3
 Swiftness                Air            39%        N/A       1%          3
 Summon Mana Viper        Hex/Summ       61%        N/A       1%          5
 Animate Armour           Summ/Erth      92%        N/A       2%          4
 Airstrike                Air            19%        2d(3-19)  4%          4
 Magic Dart               Conj           48%        1d5       5%          1
 Necrotise                Necr           48%        1d6       5%          1
 Passwall                 Tmut/Erth      10%        N/A       8%          2
 Searing Ray              Conj           24%        2d5       8%          2
 Fulminant Prism          Conj/Hex       16%        3d11      8%          4
 Gell's Gravitas          Tloc           12%        N/A       16%         3
 Teleport Other           Tloc           12%        N/A       16%         3
 Vampiric Draining        Necr           12%        2d6       16%         3
 Yara's Violent Unravell  Hex/Tmut       16%        3d8       22%         5
 Animate Dead             Necr           12%        N/A       45%         4
 Manifold Assault         Tloc           12%        N/A       45%         4
 Passage of Golubria      Tloc           12%        N/A       45%         4
 Freezing Cloud           Conj/Ice/Air   10%        6-21      54%         5
 Agony                    Necr           12%        N/A       82%         5
 Alistair's Intoxication  Tmut/Pois      8%         N/A       82%         5
 Borgnjor's Vile Clutch   Necr/Erth      6%         N/A       82%         5
 Irradiate                Conj/Tmut      6%         3d13      82%         5
 Spellforged Servitor     Conj/Summ      23%        N/A       88%         7
 Death Channel            Necr           6%         N/A       100%        6
 Dispersal                Tloc           6%         N/A       100%        6
 Eringya's Noxious Bog    Tmut/Pois      6%         N/A       100%        6
 Lehudib's Crystal Spear  Conj/Erth      6%         10d3      100%        8
 Dragon's Call            Summ           34%        N/A       100%        9


Dungeon Overview and Level Annotations

Branches:
Dungeon (15/15)            Temple (0/1) D:7            Lair (5/5) D:9
 Shoals (0/4) Lair:3        Snake (0/4) Lair:3        Slime (0/5) Lair:5
    Orc (0/2) D:10         Vaults (0/5) D:14
 Depths: D:15

Altars:
Cheibriados
Dithmenos
Gozag
Makhleb
Nemelex Xobeh
Okawaru
Sif Muna
Trog
Uskayaw
Xom
Yredelemnul
Jiyva

Shops:
D:1 *   D:3 !   D:4 =   D:9 ?**   D:15 **

Annotations:
D:14 Agnes


Innate Abilities, Weirdness & Mutations

You are a tree.
Your roots penetrate the ground, keeping you stationary.
You cannot be teleported.
You are immune to unholy pain and torment.
Your maximum health is greatly increased.
Your equipment is partially melded.
((You have a beak for a mouth.))
((You have claws for feet.))
Your magical nature lets you fly swiftly and evasively.


Message History

Agnes draws strength from your wounds! Agnes misses you.
As you read the scroll of teleportation, it crumbles to dust.
You feel strangely unstable. Agnes misses you.
Agnes hits you with a +1 vampiric lajatang!
* * * LOW HITPOINT WARNING * * *
Agnes hits your guardian golem with a +1 vampiric lajatang!
Agnes hits your guardian golem with a +1 vampiric lajatang!
Agnes says, "You dishonour your ancestors."
Agnes hits your guardian golem with a +1 vampiric lajatang!
Your surroundings seem slightly different.
Something hits your guardian golem!!
Your guardian golem is destroyed!
Your guardian golem disappears in a puff of smoke!
Okay, then.
Press: ? - help, v - describe, . - travel
Here: Agnes, wielding a +1 vampiric lajatang and wearing a +0 robe (severely wounded)
The floor.
You feel much better. Agnes completely misses you. Agnes closely misses you.
Really quaff the potion of lignification?
Uppercase [Y]es or [N]o only, please.
Really quaff the potion of lignification?
You turn into a tree.
Your +2 cloak melds into your body.
Your +0 pair of gloves melds into your body.
Your +2 steam dragon scales melds into your body.
Your roots penetrate the ground.
Agnes hits you with a +1 vampiric lajatang!
* * * LOW HITPOINT WARNING * * *
Agnes hits you with a +1 vampiric lajatang!
* * * LOW HITPOINT WARNING * * *
Casting: Summon Guardian Golem (safe; 1% risk of failure)
Confirm with . or Enter, or press ? or * to list all spells.
Agnes hits you with a +1 vampiric lajatang!
* * * LOW HITPOINT WARNING * * *
Agnes draws strength from your wounds!
Casting: Call Canine Familiar (safe; 1% risk of failure)
Confirm with . or Enter, or press ? or * to list all spells.
A guardian golem appears, shielding your allies.
Agnes hits you but does no damage.
Agnes hits you with a +1 vampiric lajatang!
You die...

..........[..##............# #.
.........[...##............# #.
.............##............# #.
.............##............# #.
.............##............#####.
...?.........##..................
...§.........##9.................
.>...........##..................
.............##.♣h.........#####.
...###.###...##.i###.......# #.
..##.....##i.##..# #..###..# #.
.##.#####.##..#..# #..# #..# #.
##.##...##.##....# #..# #..# #.
#.##.###.##.#....# #..# #..# #.
#.#.##)##.#.#....# #..# #..# #.
.##.#...#.#...#..# #..# #..#####.
##.##..##.#.#.#.[# #..# #........


You could see Agnes (ally target), a friendly guardian golem (summoned) and a
friendly wolf (summoned, sheltered).

Vanquished Creatures
  2 giant cockroaches (D:2)
  A bat (D:7)
3 creatures vanquished.

Vanquished Creatures (collateral kills)
  A very ugly thing (D:14)
  3 dire elephants (Lair:5)
  An entropy weaver (shapeshifter) (D:14)
  2 hydras
  7 vault guards (D:14)
  3 two-headed ogres
  6 boulder beetles
  The ghost of Kaunuet the Nimble, a journeyman DjFE of Qazlal (D:12)
  6 centaur warriors
  11 death yaks
  A tengu warrior (D:14)
  2 skeletal warriors (D:14)
  Amaemon (Lair:3)
  A spectral death yak (Lair:5)
  A spectral anaconda (Lair:5)
  A lindwurm (Lair:5)
  An obsidian statue (Lair:5)
  A wizard (D:15)
  An orc knight (D:14)
  3 necromancers (Lair:5)
  2 oklob plants
  2 cyclopes
  7 ugly things (D:14)
  A salamander (Lair:3)
  A nameless horror (D:13)
  10 elephants
  5 black mambas
  A water nymph (Lair:3)
  2 torpor snails
  21 cane toads
  Maggie (D:7)
  2 dire elephant skeletons (Lair:5)
  A gargoyle (D:10)
  An orange demon (Lair:3)
  A kobold demonologist (D:13)
  A yaktaur (D:14)
  5 rime drakes
  A rime drake (shapeshifter) (D:13)
  2 tengu conjurers (D:12)
  A freezing wraith (D:14)
  5 komodo dragons
  An efreet (D:15)
  4 trolls (D:12)
  2 hornets
  Grinder (D:3)
  A polar bear (Lair:4)
  11 blink frogs
  A jumping spider (shapeshifter) (D:13)
  A slime creature (D:14)
  3 vampires
  2 wraiths
  A water elemental (D:15)
  A human (D:6)
  4 basilisks
  A wyvern (Lair:1)
  22 yaks
  A death yak simulacrum (Lair:5)
  6 vampire mosquitoes
  An acid dragon (D:14)
  20 water moccasins
  An orc warrior (D:12)
  A sky beast (D:8)
  A black bear (D:5)
  2 elephant zombies (Lair:5)
  An ogre (D:6)
  2 wolves (Lair:1)
  2 elephant skeletons (Lair:5)
  4 centaurs
  3 kobold brigands
  A phantom (D:6)
  A gnoll sergeant (D:11)
  2 scorpions
  11 bullfrogs
  4 necrophages
  A cane toad simulacrum (Lair:5)
  6 wights (D:6)
  7 killer bees
  An electric eel (Lair:4)
  A vampire bat (D:7)
  4 crimson imps (D:4)
  2 lava snakes (Lair:3)
  2 hounds
  6 orc priests
  2 iguanas
  A human skeleton (D:6)
  8 orc wizards
  A mummy (D:5)
  12 gnolls
  12 adders
  2 white imps (D:6)
  5 dart slugs
  A worm (D:2)
  18 orcs
  9 ball pythons
  4 endoplasms
  13 giant cockroaches
  10 hobgoblins
  6 quokkas
  13 bats
  2 frilled lizards
  6 goblins
  A goblin zombie (D:6)
  21 kobolds
  2 rats
426 creatures vanquished.

Vanquished Creatures (others)
  2 dire elephants (Lair:5)
  Harold (D:9)
  2 hydras
  A vault guard (D:14)
  3 centaur warriors
  A two-headed ogre (D:12)
  4 death yaks
  Urug (Lair:3)
  Nergalle (Lair:3)
  A necromancer (Lair:5)
  2 ugly things
  2 elephants
  A black mamba (Lair:4)
  A gargoyle (D:10)
  A cane toad (Lair:2)
  2 blink frogs (Lair:4)
  5 yaks
  4 vampire mosquitoes
  A water moccasin (Lair:5)
  An orc warrior (D:8)
  A black bear (D:5)
  An elephant zombie (Lair:5)
  An ogre (D:4)
  A centaur (D:5)
  An elephant skeleton (Lair:5)
  A bullfrog (D:9)
  A necrophage (D:5)
  A wight (D:6)
  4 killer bees
  A gnoll bouda (D:6)
  4 gnolls
  29 fungi
  41 plants
  29 withered plants (Lair:5)
153 creatures vanquished.

Grand Total: 582 creatures vanquished

Notes
Turn   | Place    | Note
-------+----------+-------------------------------------------
     0 | D:1      | mandoloar the Tengu Summoner began the quest for the Orb.
     0 | D:1      | Reached XP level 1. HP: 10/10 MP: 4/4
   151 | D:1      | Reached skill level 5 in Summonings
   262 | D:1      | Reached XP level 2. HP: 15/15 MP: 3/6
   265 | D:1      | Learned a level 2 spell: Call Imp
  1307 | D:1      | Reached XP level 3. HP: 19/19 MP: 4/7
  1311 | D:1      | Learned a level 3 spell: Call Canine Familiar
  1431 | D:1      | Found Moblotti's Assorted Antiques.
  2179 | D:2      | Reached XP level 4. HP: 24/24 MP: 3/9
  2264 | D:2      | Learned a level 3 spell: Summon Guardian Golem
  3517 | D:3      | Noticed Grinder
  3601 | D:3      | Killed Grinder
  3602 | D:3      | Reached skill level 1 in Hexes
  3602 | D:3      | Reached skill level 6 in Summonings
  3602 | D:3      | Gained mutation: Your magical nature lets you fly swiftly
                  | and evasively. [Tengu growth]
  3602 | D:3      | Reached XP level 5. HP: 28/28 MP: 1/12
  3602 | D:3      | Reached XP level 6. HP: 32/32 MP: 1/13
  3699 | D:3      | Learned a level 4 spell: Summon Lightning Spire
  3799 | D:3      | Found a burning altar of Makhleb.
  4219 | D:3      | Got Esesh's Tome of Bruises and Talus
  4267 | D:3      | Found a sparkling altar of Nemelex Xobeh.
  4326 | D:3      | Reached skill level 1 in Air Magic
  4600 | D:3      | Found a faded altar of an unknown god.
  4778 | D:3      | Found Jithifat's Distillery.
  4970 | D:4      | Found a shadowy altar of Dithmenos.
  4999 | D:4      | Found a bloodstained altar of Trog.
  5028 | D:4      | Reached skill level 7 in Summonings
  5203 | D:4      | Found a shimmering blue altar of Sif Muna.
  5220 | D:4      | Became a worshipper of Sif Muna the Loreminder
  5325 | D:4      | Reached XP level 7. HP: 36/36 MP: 11/14
  5971 | D:4      | Found Ebiake Nomaf's Jewellery Boutique.
  6122 | D:4      | Found a shimmering altar of Xom.
  6589 | D:5      | Entered Level 5 of the Dungeon
  6737 | D:5      | Reached XP level 8. HP: 26/41 MP: 7/16
  7018 | D:5      | Reached skill level 5 in Spellcasting
  7454 | D:5      | Reached skill level 8 in Summonings
  8152 | D:5      | Found a snail-covered altar of Cheibriados.
  8541 | D:5      | Reached skill level 5 in Air Magic
  8749 | D:5      | Learned a level 3 spell: Tukima's Dance
  9241 | D:6      | Reached skill level 1 in Fighting
  9337 | D:6      | Reached * piety under Sif Muna
  9645 | D:6      | Reached XP level 9. HP: 47/47 MP: 12/18
  9976 | D:6      | Found a hide-covered altar of Uskayaw.
 11055 | D:6      | Found a runed translucent door.
 11061 | D:6      | Found a basalt altar of Yredelemnul.
 11077 | D:6      | Reached skill level 9 in Summonings
 11215 | D:7      | Noticed Maggie
 11674 | D:7      | Found an opulent altar of Gozag.
 11791 | D:7      | Found a staircase to the Ecumenical Temple.
 12505 | D:7      | Killed Maggie
 13135 | D:8      | Reached XP level 10. HP: 56/56 MP: 15/20
 13410 | D:8      | Found an iron altar of Okawaru.
 13460 | D:8      | Reached ** piety under Sif Muna
 14518 | D:9      | Found Edec's General Store.
 14535 | D:10     | Entered Level 10 of the Dungeon
 14663 | D:9      | Noticed a death yak
 14684 | D:9      | Reached skill level 5 in Dodging
 14711 | D:9      | Killed a death yak
 14712 | D:9      | Reached skill level 5 in Stealth
 14712 | D:9      | Reached skill level 10 in Summonings
 14897 | D:9      | Noticed Harold
 14911 | D:9      | Killed Harold
 14919 | D:9      | Noticed a death yak
 14920 | D:9      | Noticed a death yak
 14922 | D:9      | Noticed a death yak
 14923 | D:9      | Noticed a death yak
 14925 | D:9      | Noticed a death yak
 14935 | D:9      | Killed a death yak
 14936 | D:9      | Reached skill level 5 in Hexes
 14936 | D:9      | Killed a death yak
 14937 | D:9      | Reached skill level 5 in Fighting
 14938 | D:9      | Killed a death yak
 14939 | D:9      | Reached XP level 11. HP: 54/64 MP: 10/23
 14939 | D:9      | Killed a death yak
 14939 | D:9      | Killed a death yak
 14940 | D:9      | Reached skill level 11 in Summonings
 15008 | D:9      | Found a staircase to the Lair.
 15184 | D:9      | Found Utan's Magic Scroll Emporium.
 15459 | D:9      | Found Xejekhla's General Store.
 15802 | D:10     | Identified the ring "Icesk" {rF+ Will+ Stlth+}
 16360 | D:10     | You are sucked into a shaft and drop 1 floor!
 16363 | D:11     | Noticed a cyan ugly thing
 16373 | D:11     | Killed a cyan ugly thing
 16377 | D:11     | Noticed a two-headed ogre
 16388 | D:11     | Killed a two-headed ogre
 16855 | D:10     | Found a staircase to the Orcish Mines.
 17147 | Lair:1   | Entered Level 1 of the Lair of Beasts
 17511 | Lair:1   | Noticed a boulder beetle
 17884 | D:9      | Reached *** piety under Sif Muna
 18072 | D:9      | Killed a boulder beetle
 18073 | D:9      | Reached XP level 12. HP: 71/71 MP: 25/25
 19653 | Lair:1   | Reached skill level 12 in Summonings
 19759 | Lair:1   | Noticed a seven-headed hydra
 19772 | Lair:1   | Killed a seven-headed hydra
 21457 | Lair:2   | Noticed a boulder beetle
 21859 | Lair:2   | Reached skill level 1 in Invocations
 22125 | Lair:2   | Killed a boulder beetle
 22354 | Lair:2   | Noticed a six-headed hydra
 22360 | Lair:2   | Killed a six-headed hydra
 23005 | Lair:2   | Reached XP level 13. HP: 59/78 MP: 22/27
 23819 | Lair:3   | Noticed Urug
 23831 | Lair:3   | Killed Urug
 23897 | Lair:3   | Noticed Amaemon
 23960 | Lair:3   | Killed Amaemon
 24044 | Lair:3   | Reached skill level 13 in Summonings
 24406 | Lair:3   | Found a staircase to the Snake Pit.
 24618 | Lair:3   | Noticed Nergalle
 24618 | Lair:3   | Reached **** piety under Sif Muna
 26066 | Lair:3   | Killed Nergalle
 27865 | Lair:4   | Reached skill level 10 in Dodging
 27982 | Lair:4   | Reached skill level 10 in Spellcasting
 28342 | Lair:4   | Reached XP level 14. HP: 86/86 MP: 29/29
 29125 | Lair:5   | Entered Level 5 of the Lair of Beasts
 29136 | Lair:4   | Reached skill level 5 in Invocations
 29417 | Lair:5   | Found a staircase to the Slime Pits.
 29417 | Lair:5   | Found a viscous altar of Jiyva.
 30340 | Lair:5   | Reached skill level 14 in Summonings
 30727 | Lair:5   | Noticed a dire elephant
 30727 | Lair:5   | Noticed a dire elephant
 30727 | Lair:5   | Noticed a dire elephant
 30727 | Lair:5   | Noticed a dire elephant
 30786 | Lair:5   | Noticed a dire elephant
 30837 | Lair:5   | Killed a dire elephant
 31543 | Lair:5   | Killed a dire elephant
 31543 | Lair:5   | Reached ***** piety under Sif Muna
 31560 | Lair:5   | Killed a dire elephant
 31571 | Lair:5   | Killed a dire elephant
 31572 | Lair:5   | Reached skill level 10 in Fighting
 31690 | Lair:5   | Killed a dire elephant
 32631 | Lair:5   | Identified the ring of Ubitsysuh {*Corrode rN+ Str+3 Dex+3}
 34138 | D:12     | Found a runed translucent door.
 34142 | D:12     | Noticed Kaunuet's ghost (journeyman DjFE)
 34334 | D:12     | Identified the +6 scale mail of Ufau {rC+ rCorr}
 34636 | D:12     | Killed Kaunuet's ghost
 34637 | D:12     | Reached XP level 15. HP: 89/92 MP: 22/30
 35209 | D:13     | Received a gift from Sif Muna
 35210 | D:13     | Got Sif Muna's Compilation of the Geometric Commander {god
                  | gift}
 35218 | D:13     | Learned a level 6 spell: Summon Cactus Giant
 35227 | D:13     | Learned a level 7 spell: Monstrous Menagerie
 36236 | D:15     | Entered Level 15 of the Dungeon
 36461 | D:14     | Reached skill level 15 in Summonings
 37402 | D:14     | Found a gate to the Vaults.
 37716 | D:14     | Got Sif Muna's Folio of the Congregated Curse
 37813 | D:15     | Found Soesirgh's Assorted Antiques.
 37846 | D:15     | Found Hooxe's General Store.
 38337 | D:15     | Noticed Agnes
 38395 | D:14     | Slain by Agnes

Illustrated notes

Levels and vault maps discovered:
D:1:      shiori_arrival_maze, layout_basic, serial_shops, shop,
          reono_crystal_passage, minmay_quantized
D:2:      minmay_roachtagon, layout_loops_ring, minmay_misc_feat_doors,
          dreamdust_princess_corridor, minmay_hedge_maze
D:3:      layout_basic, mainiacjoe_overflow_alcove_1, lemuel_doored_altar,
          hellmonk_ecumenical_altar_lost_god, serial_shops,
          nicolae_lakefront_shop, minmay_checkerbox, uniq_grinder
D:4:      layout_basic, grunt_temple_overflow_open, led_xom_imps,
          minmay_shop_enchanted_jewellery, solitary_fountain
D:5:      layout_loops_cross, slow_altar_1, minmay_misc_feat_nine_boxes,
          hangedman_decor_opposing, chequers_serial_rivers_micro_e, minivault_24
D:6:      layout_basic, dk_yredelemnul_ordeal, mainiacjoe_overflow_tiny_flanked
D:7:      nicolae_cairo_tiling_large, layout_loops_ring, general_overflow_altar,
          minmay_temple_entry_proselytizer,
          nicolae_concentric_dashed_squares_wild, minmay_misc_feat_plants,
          roderic_batcave, uniq_maggie
D:8:      layout_loops_cross, mainiacjoe_overflow_boulevard,
          nicolae_underground_beach
D:9:      layout_roguey, dpeg_lair_monsters, serial_shops, nicolae_shop_trees,
          shop, shop, uniq_harold
D:10:     layout_stronghold, orc_0_dummy
D:11:     layout_rooms
D:12:     layout_irregular_city, ebering_ghost_inner_flame
D:13:     layout_basic, gauntlet_entry_generic
D:14:     minmay_the_grid_octo_triangle [minmay_the_grid_octo_toaster,
          minmay_the_grid_octo_prize_single_spiral,
          minmay_the_grid_octo_clover_2], layout_long_grid, erik_vaults_2,
          nicolae_elevator_lobby_asterisk
D:15:     hangedman_depths_entry_civil_slaughter, layout_layer_cave,
          portal_ice_cave_entry_pillars_four, minmay_misc_feat_roman,
          nicolae_wooded_promenade, minmay_strange_pillars, uniq_agnes
Lair:1:   layout_cave_pods, nicolae_volcano_entry_hallway, st_stairs_5,
          pdpol_lair_cavern_descent, infiniplex_staircase_pool_2,
          lemuel_fruit_fields, lemuel_fruit_tree
Lair:2:   layout_cave_pods, minmay_lair_oklob_bushes
Lair:3:   layout_cave_pods, nicolae_shoals_entry_flooding,
          nicolae_snake_entry_warm_welcome, grunt_megastairs_4, uniq_nergalle,
          uniq_amaemon, uniq_urug
Lair:4:   layout_hall_layers, infiniplex_staircase_pool, grunt_megastairs_3
Lair:5:   due_jungle_book, layout_loops_ring, slime_entry_1, st_stairs_12

Skill      XL: |  1  2  3  4  5  6  7  8  9 10 11 12 13 14 15 |
---------------+----------------------------------------------+-----
Summonings     | 5 6 7 8 9 10 11 12 13 14 15 | 15.3
Spellcasting   | 3 4 5 6 7 8 9 10 11 | 11.5
Hexes          | 1 2 3 4 5 6 7 8 9 |  9.2
Air Magic      | 2 3 5 6 |  6.0
Fighting       | 1 3 5 6 7 9 10 11 | 11.0
Dodging        | 3 4 6 7 9 10 11 12 | 12.2
Stealth        | 4 5 6 |  6.0
Invocations    | 2 4 6 7 |  7.2

Action                   |  1- 3 |  4- 6 |  7- 9 | 10-12 | 13-15 || total
-------------------------+-------+-------+-------+-------+-------++-------
Melee: Dagger            |     4 |       |       |       |       ||     4
       Peck              |     1 |       |       |     3 |     4 ||     8
       Kick              |     2 |       |       |     3 |     8 ||    13
       Mace              |       |       |     2 |     5 |    12 ||    19
       Punch             |       |       |       |       |     1 ||     1
Throw: Stone             |       |       |     2 |       |     8 ||    10
 Cast: Summon Small Mamm |    16 |       |       |       |       ||    16
       Call Imp          |    13 |     5 |     6 |     3 |       ||    27
       Call Canine Famil |     9 |    22 |    55 |    58 |   121 ||   265
       Summon Guardian G |       |     7 |    36 |    43 |   118 ||   204
       Summon Lightning  |       |       |    44 |   114 |   196 ||   354
       Tukima's Dance    |       |       |     1 |     1 |     1 ||     3
       Summon Cactus Gia |       |       |       |       |    33 ||    33
       Monstrous Menager |       |       |       |       |    11 ||    11
  Use: Scroll            |       |     6 |     5 |    10 |    14 ||    35
       Potion            |       |       |       |     3 |     3 ||     6
 Stab: Betrayed ally     |       |       |       |       |     1 ||     1
Armor: Robe              |    14 |     4 |     7 |       |       ||    25
       Steam dragon scal |       |       |       |    15 |    39 ||    54
       Skin              |       |       |       |       |     1 ||     1
Dodge: Dodged            |    37 |    45 |    57 |   118 |   318 ||   575
Block: Other             |       |       |     8 |       |       ||     8
       Reflection        |       |       |     1 |       |       ||     1

Table legend: (Time is in decaauts)
 A = Elapsed time spent in this place.
 B = Non-inter-level travel time spent in this place.
 C = Inter-level travel time spent in this place.
 D = Time resting spent in this place.
 E = Time spent auto-exploring this place.
 F = Levels seen in this place.
 G = Mean time per level.
                   A        B        C        D        E       F      G
               +--------+--------+--------+--------+--------+-----+--------+
         Total |  36826 |  35330 |   1496 |  14847 |  12975 |  20 | 1841.3 |
       Dungeon |  23511 |  22575 |    936 |   8560 |   9417 |  15 | 1567.4 |
          Lair |  13314 |  12754 |    560 |   6286 |   3557 |   5 | 2662.8 |
               +--------+--------+--------+--------+--------+-----+--------+

Top non-repeatable levels by time:
  Lair:3: 3216 daAuts
  Lair:5: 3134 daAuts
     D:9: 2745 daAuts
  Lair:2: 2734 daAuts
  Lair:1: 2643 daAuts
     D:6: 2302 daAuts
     D:5: 2190 daAuts
    D:14: 2065 daAuts
     D:1: 1875 daAuts
     D:4: 1723 daAuts
     D:7: 1597 daAuts
  Lair:4: 1586 daAuts
     D:2: 1562 daAuts
     D:8: 1515 daAuts
     D:3: 1437 daAuts
